[Event "Team 45 45 League T68"]
[Site "Internet Chess Club"]
[Date "2016.04.04"]
[Round "4"]
[White "JasonModer"]
[Black "lacibacsi"]
[Result "1/2-1/2"]
[WhiteElo "1938"]
[BlackElo "2074"]
[Opening "King's Indian: 4.e4"]
[ECO "E70"]
[Time "15:31:59"]
[TimeControl "2700+45"]

1. d4 Nf6 2. c4 g6 3. Nc3 Bg7 4. e4 d6 5. Bd3 O-O 6. Nge2 Nc6 7. O-O Nh5 8. Be3
e5 9. d5 Ne7 10. Qd2 f5 11. exf5 gxf5 12. f4 Ng6 13. Rab1 Nhxf4 14. Nxf4 exf4
15. Bxf4 Nxf4 16. Qxf4 Be5 17. Qf3 Qg5 18. Kh1 Kh8 19. Rbe1 Bd7 20. Ne2 Rf6 21.
g3 Rg8 22. Nf4 Rh6 23. Rg1 Bxb2 24. Ne6 Bxe6 25. dxe6 Be5 {Game drawn by mutual
agreement} 1/2-1/2

[Event "Team 45 45 League T68"]
[Site "Internet Chess Club"]
[Date "2016.04.02"]
[Round "4"]
[White "Tobiasdelmonte"]
[Black "anna"]
[Result "0-1"]
[WhiteElo "1771"]
[BlackElo "1852"]
[Opening "QGD: 4.Nf3"]
[ECO "D37"]
[Time "10:02:27"]
[TimeControl "2700+45"]

1. Nf3 Nf6 2. d4 d5 3. c4 e6 4. Nc3 Be7 5. e3 c6 6. Be2 Nbd7 7. O-O O-O 8. Re1
dxc4 9. Bxc4 Nb6 10. Bb3 Nbd5 11. e4 Nxc3 12. bxc3 Qc7 13. Bg5 Rd8 14. Rc1 Ne8
15. e5 Bxg5 16. Nxg5 h6 17. Ne4 Qe7 18. Re3 f5 19. exf6 Nxf6 20. Nc5 Kh8 21.
Bxe6 Bxe6 22. Rxe6 Qc7 23. h3 Re8 24. Qb3 b6 25. Nd3 Rxe6 26. Qxe6 Re8 27. Qf5
Qd7 28. Qf3 Qd5 29. Qxd5 Nxd5 30. Ne5 c5 31. Re1 Kg8 32. c4 Nb4 33. d5 Nc2 34.
Re2 Nd4 35. Re4 Nf5 36. g4 Nd6 37. Re3 g5 38. Kf1 Kg7 39. Ke2 Re7 40. Kd3 Kf6
41. Rf3+ Kxe5 42. Rf8 Rf7 43. Rh8 Rf6 44. Ra8 Rxf2 45. Rxa7 Rf7 46. Ra6 Nc8 47.
Ra8 Rc7 48. a4 Kf6 49. a5 bxa5 50. Rxa5 Nd6 51. Ra6 Ke7 52. Ra8 Rb7 53. Kc3 Ne4+
54. Kc2 Nd6 55. Rh8 Nf7 56. Rc8 Ne5 57. Rxc5 Kd6 58. Rc8 Rc7 59. Rh8 Rxc4+ 60.
Kb3 Kxd5 61. Rxh6 Nxg4 62. hxg4 Rxg4 63. Kc3 Ke5 64. Kd3 Kf5 65. Ke3 Rf4 66. Rh8
Kg4 67. Rg8 Rf7 68. Ke2 Kh5 69. Rh8+ Kg6 70. Rg8+ Kh5 71. Rh8+ Kg4 72. Rg8 Kh4
73. Rh8+ Kg3 74. Rg8 g4 75. Rg6 Kh3 76. Rh6+ Kg2 77. Rg6 g3 78. Rg8 Kh2 79. Rh8+
Kg1 80. Rg8 g2 81. Rg6 Ra7 82. Kf3 Kf1 {White resigns} 0-1

[Event "Team 45 45 League T68"]
[Site "Internet Chess Club"]
[Date "2016.04.03"]
[Round "4"]
[White "vjbaker"]
[Black "JPSVI"]
[Result "1-0"]
[WhiteElo "1776"]
[BlackElo "1564"]
[Opening "French: Rubinstein variation"]
[ECO "C10"]
[Time "14:02:05"]
[TimeControl "2700+45"]

1. e4 e6 2. d4 d5 3. Nc3 dxe4 4. Nxe4 Bd7 5. c3 Bc6 6. Ng3 Nd7 7. Nf3 Ngf6 8.
Bf4 Bd6 9. Ne5 Bxe5 10. dxe5 Nd5 11. Qd4 Qh4 12. Be3 Qxd4 13. Bxd4 O-O 14. b4 a6
15. f3 b5 16. Ne4 N5b6 17. Bd3 Rfd8 18. Rd1 Bd5 19. Bb1 Nc4 20. f4 Rac8 21. Kf2
Bxe4 22. Bxe4 c5 23. bxc5 f6 24. c6 fxe5 25. cxd7 Rc7 26. Bxe5 Nxe5 27. fxe5
Rxc3 28. Rd6 Rf8+ 29. Ke2 Rd8 30. Rhd1 Rc4 31. Rxe6 Rxe4+ 32. Kf3 Kf7 33. Kxe4
Kxe6 34. Rd6+ Ke7 35. Rxa6 Rxd7 36. Rb6 Rd2 37. Rb7+ Ke6 38. Rxg7 Re2+ 39. Kf3
Rxa2 40. Rxh7 b4 41. Rb7 Ra3+ 42. Ke4 b3 43. Rb6+ Kd7 44. g4 Ra4+ 45. Kf5 Ra2
46. Rxb3 Rxh2 47. Rb7+ Ke8 48. g5 Rf2+ 49. Ke6 Kf8 50. g6 Kg8 51. Rf7 Rg2 52.
Kf6 Rf2+ 53. Ke7 Rg2 54. Kf6 Rf2+ 55. Ke6 Rg2 56. Rf6 Kg7 57. Ke7 Re2 58. Re6
Ra2 59. Rd6 Re2 60. e6 Kxg6 61. Kd8 Kg7 62. e7 Kf7 63. Rd7 {Black resigns} 1-0

[Event "Team 45 45 League T68"]
[Site "Internet Chess Club"]
[Date "2016.04.02"]
[Round "4"]
[White "nidusin2"]
[Black "Littlemon"]
[Result "0-1"]
[WhiteElo "1570"]
[BlackElo "1620"]
[Opening "QGD Slav: 4.Nc3"]
[ECO "D15"]
[Time "19:09:34"]
[TimeControl "2700+45"]

1. d4 d5 2. Nf3 Nf6 3. c4 c6 4. Nc3 a6 5. a4 e6 6. Bg5 Nbd7 7. Ne5 Bd6 8. Nxd7
Bxd7 9. e4 dxe4 10. Nxe4 Bb4+ 11. Ke2 Be7 12. Bxf6 Bxf6 13. Nd6+ Ke7 14. c5 b6
15. b4 a5 16. Rb1 axb4 17. Rxb4 bxc5 18. dxc5 Qa5 19. Rc4 Rhb8 20. Kf3 Rb4 21.
Ne4 Qxa4 22. Qd6+ Ke8 23. Rxb4 Qxb4 24. g3 Ra3+ 25. Bd3 Be7 26. Qe5 Rxd3+ 27.
Kg2 Rd5 28. Qf4 Bxc5 29. Rc1 Be7 30. Ra1 Ra5 31. Rd1 Ra4 32. f3 Ra2+ 33. Kh1 Qb2
34. Rd2 Qc1+ 35. Kg2 Rxd2+ {White resigns} 0-1

[Event "Team 45 45 League T68"]
[Site "Internet Chess Club"]
[Date "2016.04.01"]
[Round "4"]
[White "TheRailgun"]
[Black "SlimeDog2"]
[Result "1/2-1/2"]
[WhiteElo "1838"]
[BlackElo "2023"]
[Opening "Ruy Lopez: Anderssen variation"]
[ECO "C77"]
[Time "20:53:31"]
[TimeControl "2700+45"]

1. e4 e5 2. Nf3 Nc6 3. Bb5 a6 4. Ba4 Nf6 5. d3 d6 6. c3 g6 7. O-O Bg7 8. Bg5 h6
9. Be3 O-O 10. h3 b5 11. Bb3 Bb7 12. a4 d5 13. axb5 axb5 14. Rxa8 Bxa8 15. Bc5
Re8 16. Qe2 dxe4 17. dxe4 Nxe4 18. Rd1 Nd6 19. Na3 b4 20. cxb4 Nd4 21. Nxd4 exd4
22. Qg4 Be4 23. Bxd4 Bxd4 24. Rxd4 Qf6 25. Qd1 Qg5 26. f3 Bb7 27. Rg4 Qe3+ 28.
Kh2 Kh7 29. Nc4 Nxc4 30. Bxc4 h5 31. Rd4 Bxf3 32. Qxf3 Qxd4 33. Qxf7+ Kh6 34.
Qxe8 Qxc4 35. Qe3+ g5 36. Qc3 Qf4+ 37. Kg1 h4 38. b3 Kg6 39. Qc4 Qg3 40. Qe6+
Kh5 41. b5 Qf4 42. Qe8+ Kh6 43. Qh8+ Kg6 44. Qg8+ Kh6 45. Qc4 Qe5 46. Qc6+ Kh5
{Game drawn by mutual agreement} 1/2-1/2

[Event "Team 45 45 League T68"]
[Site "Internet Chess Club"]
[Date "2016.04.01"]
[Round "4"]
[White "sharky123"]
[Black "chessnow"]
[Result "1-0"]
[WhiteElo "1852"]
[BlackElo "1759"]
[Opening "Ruy Lopez: 5.O-O"]
[ECO "C78"]
[Time "22:31:04"]
[TimeControl "2700+45"]

1. e4 e5 2. Nf3 Nc6 3. Bb5 a6 4. Ba4 Nf6 5. O-O b5 6. Bb3 Be7 7. d3 d6 8. a3 O-O
9. h3 Bb7 10. Nc3 Nb8 11. Be3 Nbd7 12. Rc1 c5 13. Ne2 Qc7 14. c4 b4 15. axb4
cxb4 16. Ba4 Nc5 17. Ng3 Bc8 18. Qc2 a5 19. d4 Nxa4 20. Qxa4 Bb7 21. d5 Nd7 22.
b3 Rfc8 23. Rc2 Nc5 24. Bxc5 Qxc5 25. Nf5 Bf8 26. Ne1 g6 27. Nd3 Qb6 28. Ne3 Qd4
29. Rd1 Qxe4 30. Qd7 Ba6 31. Ra2 Rd8 32. Qc6 Rdc8 33. Qb6 Rcb8 34. Qc7 Rc8 35.
Qd7 Rd8 36. Qg4 Qxg4 37. Nxg4 f5 38. Ne3 Bc8 39. Rda1 Bd7 40. Rxa5 Rxa5 41. Rxa5
Rb8 42. Ra7 e4 43. Nf4 Bc8 44. Nc2 Bh6 45. Ne2 Bd2 46. Ned4 Bb7 47. g3 Bc3 48.
Nb5 Bxd5 49. Nxc3 bxc3 50. cxd5 Rxb3 51. Ra3 Rxa3 52. Nxa3 Kf7 53. Kf1 Kf6 54.
Ke2 Ke5 55. Nb5 c2 56. Kd2 c1=Q+ 57. Kxc1 Kxd5 58. Nc7+ Ke5 59. Kd2 h5 60. Ne8
g5 61. Ng7 h4 62. gxh4 gxh4 63. Nh5 f4 64. Ng7 d5 65. Ne8 d4 66. Ke2 f3+ 67. Kd2
Kf4 68. Nd6 e3+ 69. Ke1 d3 70. Nc4 d2+ 71. Nxd2 exd2+ 72. Kxd2 Ke4 73. Kc3 Ke5
74. Kd3 Kf4 75. Kd4 Kf5 76. Ke3 Ke5 77. Kxf3 Kf5 78. Ke3 Ke5 79. f4+ Kf6 80. Kf2
Kg6 81. Kg2 Kf6 82. Kf3 Kf5 83. Ke3 Kf6 84. Ke4 Ke6 85. f5+ Kf6 86. Kf4 Kf7 87.
Kg5 Kg7 88. Kxh4 Kf6 89. Kg4 Kf7 90. Kg5 Kg7 91. h4 Kf7 92. h5 Kg7 93. h6+ Kh7
94. Kf6 Kxh6 95. Ke7 {Black resigns} 1-0

[Event "Team 45 45 League T68"]
[Site "Internet Chess Club"]
[Date "2016.04.02"]
[Round "4"]
[White "anishio"]
[Black "Holzschlange"]
[Result "1-0"]
[WhiteElo "1779"]
[BlackElo "1824"]
[Opening "Ruy Lopez: closed, Flohr-Zaitsev system (Lenzerheide variation)"]
[ECO "C92"]
[Time "22:03:29"]
[TimeControl "2700+45"]

1. e4 e5 2. Nf3 Nc6 3. Bb5 a6 4. Ba4 Nf6 5. O-O Be7 6. Re1 b5 7. Bb3 d6 8. c3
O-O 9. h3 Bb7 10. d4 Re8 11. Nbd2 Bf8 12. Bc2 g6 13. Nf1 exd4 14. cxd4 Nb4 15.
Ng3 Nxc2 16. Qxc2 Bg7 17. Bg5 Qd7 18. Rad1 Rac8 19. d5 c6 20. Qb3 cxd5 21. exd5
Rxe1+ 22. Nxe1 Ne8 23. Nf3 Nc7 24. Ne4 Ne8 25. Nc3 f5 26. Re1 Nf6 27. Nd4 Re8
28. Re6 Nxd5 29. Rxe8+ Qxe8 30. Nxd5 Qe1+ 31. Kh2 Be5+ 32. Nf4+ d5 33. Nf3 Bxf4+
34. Bxf4 Qxf2 35. Qe3 Qxe3 36. Bxe3 Kg7 37. Bd4+ Kf8 38. Ng5 h6 39. Ne6+ Ke7 40.
Nc5 Bc8 41. Kg3 g5 42. Bg7 Kd6 43. Nd3 d4 44. Bxd4 {Black resigns} 1-0

[Event "Team 45 45 League T68"]
[Site "Internet Chess Club"]
[Date "2016.04.02"]
[Round "4"]
[White "idjit"]
[Black "gyu123987kool"]
[Result "0-1"]
[WhiteElo "1565"]
[BlackElo "1722"]
[Opening "Giuoco Piano"]
[ECO "C54"]
[Time "12:32:57"]
[TimeControl "2700+45"]

1. e4 e5 2. Nf3 Nc6 3. Bc4 Bc5 4. c3 Nf6 5. d3 a6 6. Bb3 Ba7 7. Nbd2 O-O 8. h3
d5 9. Qe2 dxe4 10. dxe4 Qe7 11. Nf1 Be6 12. Ng3 Rad8 13. O-O Na5 14. Bxe6 Qxe6
15. Nh4 g6 16. Bg5 Kg7 17. Qf3 h6 18. Nhf5+ gxf5 19. Nxf5+ Kh7 20. Nxh6 Rd6 21.
Nf5 Rb6 22. Qg3 Rh8 23. Qh4+ Kg8 24. Nh6+ Kf8 25. Bxf6 Qxf6 26. Qxf6 Rxf6 27.
Ng4 Re6 28. Rad1 Ke7 29. Rd5 Nc6 30. Rfd1 Rd8 31. h4 f6 32. Kh2 Rxd5 33. Rxd5
Rd6 34. Rxd6 cxd6 35. Ne3 Bxe3 36. fxe3 Na5 37. b3 b5 38. Kg3 Nb7 39. Kg4 Nc5
40. Kf5 Kf7 41. h5 Nd3 42. h6 Nf2 43. a4 bxa4 44. bxa4 Nd1 45. Kg4 Nxc3 46. a5
Nxe4 47. h7 Kg7 48. h8=Q+ Kxh8 49. Kf5 Nd2 50. Kxf6 Nc4 51. Ke6 Nxa5 52. Kxd6 e4
53. Ke5 Nc6+ 54. Kxe4 a5 55. Kd3 Kg7 56. e4 Kf6 57. g4 Kg5 58. e5 Nxe5+ 59. Kc3
Kxg4 60. Kb3 Nc6 61. Ka4 Kf4 62. Ka3 Ke4 63. Ka4 Kd4 64. Ka3 Kc3 65. Ka2 Kb4 66.
Ka1 Kb3 67. Kb1 a4 68. Ka1 a3 69. Kb1 Nd4 {White resigns} 0-1

[Event "Team 45 45 League T68"]
[Site "Internet Chess Club"]
[Date "2016.04.02"]
[Round "4"]
[White "Pomberito"]
[Black "GreyWarden"]
[Result "1-0"]
[WhiteElo "2072"]
[BlackElo "2004"]
[Opening "King's Indian: Petrosian system, Stein variation"]
[ECO "E92"]
[Time "13:04:39"]
[TimeControl "2700+45"]

1. Nf3 Nf6 2. c4 g6 3. Nc3 Bg7 4. e4 d6 5. d4 O-O 6. Be2 e5 7. d5 a5 8. Nd2 Na6
9. g4 Nc5 10. h4 h5 11. g5 Nh7 12. Nf1 Bd7 13. Be3 Qe8 14. Ng3 Qc8 15. Qd2 Bg4
16. f3 Bd7 17. O-O-O a4 18. Kb1 Ra6 19. Qc2 Re8 20. Rd2 Nf8 21. Rhd1 b6 22. Rg1
Qb7 23. Nf1 Rea8 24. Rd1 Be8 25. Nd2 Nfd7 26. Nb5 Ra5 27. Ka1 Nb8 28. Na3 Qc8
29. Ndb1 Bd7 30. Nc3 Qd8 31. Ncb5 Be8 32. Bd2 R5a6 33. Bc3 Nbd7 34. Rdf1 Rc8 35.
Qd1 Qe7 36. Nc2 Raa8 37. Nb4 Nb8 38. Na3 Nba6 39. Nbc2 Bd7 40. Re1 Rf8 41. Ne3
Be8 42. Nf1 Rb8 43. Ng3 c6 44. Rgf1 Bd7 45. Rf2 Be8 46. Ref1 b5 47. cxb5 cxb5
48. Bd2 b4 49. Nc4 Qc7 50. f4 exf4 51. Bxf4 a3 52. Bxd6 axb2+ 53. Kb1 Na4 54.
Bxc7 Nc3+ 55. Kxb2 Nxd1+ 56. Kc1 Nxf2 57. Bxb8 Nxe4 58. Nxe4 Nxb8 59. Nf6+ Bxf6
60. Rxf6 Bb5 61. Rb6 Bxc4 62. Bxc4 Rc8 63. Kd2 Rxc4 64. Rxb8+ Kg7 65. Kd3 Rxh4
66. d6 Rh1 67. Ke2 Rh2+ 68. Ke3 Rh3+ 69. Ke4 Rh4+ 70. Ke5 Rg4 71. d7 Rxg5+ 72.
Ke4 Rg4+ 73. Ke3 Rg3+ 74. Ke2 Rg2+ 75. Kf3 Rd2 76. d8=Q Rxd8 77. Rxd8 g5 78. Rb8
Kg6 79. Rxb4 h4 80. a4 f5 81. a5 g4+ 82. Kf4 g3 83. Rb6+ Kh5 84. Rb8 g2 85. Rh8+
Kg6 86. Rg8+ {Black resigns} 1-0

[Event "Team 45 45 League T68"]
[Site "Internet Chess Club"]
[Date "2016.04.02"]
[Round "4"]
[White "Percival"]
[Black "f5"]
[Result "1/2-1/2"]
[WhiteElo "2030"]
[BlackElo "2080"]
[Opening "QGD Slav defense: exchange variation"]
[ECO "D10"]
[Time "22:05:33"]
[TimeControl "2700+45"]

1. d4 d5 2. c4 c6 3. cxd5 cxd5 4. Nc3 Nf6 5. Bf4 Nc6 6. e3 a6 7. Bd3 Bg4 8. f3
Bh5 9. Qb3 Ra7 10. Nge2 e6 11. O-O Bg6 12. Bxg6 hxg6 13. h3 Be7 14. Rad1 O-O 15.
e4 b5 16. Bg5 Na5 17. Qc2 Rc7 18. e5 Nd7 19. Bxe7 Qxe7 20. Qd3 {Game drawn by
mutual agreement} 1/2-1/2

[Event "Team 45 45 League T68"]
[Site "Internet Chess Club"]
[Date "2016.04.03"]
[Round "4"]
[White "santiagoelawad"]
[Black "nurmi"]
[Result "0-1"]
[WhiteElo "1954"]
[BlackElo "2106"]
[Opening "English: four knights, kingside fianchetto"]
[ECO "A29"]
[Time "16:05:54"]
[TimeControl "2700+45"]

1. c4 Nf6 2. Nc3 e5 3. Nf3 Nc6 4. g3 Bc5 5. Bg2 d6 6. O-O O-O 7. d3 h6 8. a3 a5
9. Nd5 Be6 10. Nd2 Ne8 11. Ne4 Ba7 12. Rb1 Ne7 13. Nec3 c6 14. Nxe7+ Qxe7 15.
Be3 Bxe3 16. fxe3 f5 17. e4 f4 18. gxf4 exf4 19. Qe1 Qg5 20. Kh1 Nf6 21. Bf3 Kh7
22. Rg1 Qc5 23. Rg2 g5 24. e5 Qxe5 25. Qf2 Bf5 26. Rbg1 Rg8 27. Qb6 Rg7 28. d4
Qe7 29. d5 c5 30. b4 axb4 31. axb4 Ra6 32. Qb5 Ra3 33. Na4 Bd7 34. Qxb7 Rxa4 35.
bxc5 dxc5 36. h4 Bh3 37. Qb1+ Kh8 38. Rh2 g4 39. Qb8+ Ng8 40. Qxf4 gxf3 41. Rxh3
Rxg1+ 42. Kxg1 Ra1+ {White resigns} 0-1

[Event "Team 45 45 League T68"]
[Site "Internet Chess Club"]
[Date "2016.03.30"]
[Round "4"]
[White "kidcobra"]
[Black "Freitac"]
[Result "0-1"]
[WhiteElo "1835"]
[BlackElo "1936"]
[Opening "Caro-Kann: two knights, 3...Bg4"]
[ECO "B11"]
[Time "19:07:42"]
[TimeControl "2700+45"]

1. e4 c6 2. Nc3 d5 3. Nf3 Bg4 4. exd5 cxd5 5. d4 Nc6 6. Be2 Nf6 7. h3 Bh5 8. Bf4
e6 9. O-O Bd6 10. Ne5 Bxe2 11. Nxe2 Qc7 12. Nxc6 Bxf4 13. Nxf4 Qxf4 14. Ne5 O-O
15. c3 Ne4 16. Qg4 Qxg4 17. Nxg4 b5 18. f3 Nd2 19. Rfd1 Nc4 20. b3 Nd6 21. Ne5
Rfc8 22. Rac1 a5 23. Nd7 Ra7 24. Nc5 Nb7 25. Nxb7 Rxb7 26. Rc2 Rbc7 27. Rdc1 a4
28. bxa4 bxa4 29. Kf2 Kf8 30. f4 Ke7 31. Ke3 Rc4 32. g4 Rb8 33. f5 exf5 34. gxf5
Kf6 35. Rf2 a3 36. Rcc2 Rb1 37. Kd3 Rh1 38. Rf3 Rd1+ 39. Rd2 Rg1 40. Kc2 Ra1 41.
Kd3 Rb1 42. Rc2 Rc7 43. Re2 Rcb7 44. Rff2 Rd1+ 45. Rd2 Rh1 46. Rh2 Rxh2 47. Rxh2
Kxf5 48. Rf2+ Ke6 49. Re2+ Kd6 50. Rg2 g6 51. h4 f5 52. h5 Rb2 53. Rg3 gxh5 54.
c4 dxc4+ 55. Kxc4 Rxa2 56. Kb3 Rd2 57. Kxa3 Rxd4 58. Rg5 Ke5 59. Rxh5 Rc4 60.
Rxh7 f4 61. Kb3 Rc8 62. Re7+ Kd4 63. Rd7+ Ke3 64. Re7+ Kf2 65. Rf7 f3 66. Rf5
Ke2 67. Re5+ Kf1 68. Rf5 f2 69. Kb2 Rc4 70. Kb3 Re4 71. Kc3 Ke2 72. Rd5 f1=Q 73.
Rd2+ Kf3 74. Kc2 Re2 75. Rxe2 Qxe2+ 76. Kc3 Ke4 77. Kb3 Kd4 78. Ka3 Qb5 79. Ka2
Kc3 80. Ka1 Qb2# {White checkmated} 0-1

[Event "Team 45 45 League T68"]
[Site "Internet Chess Club"]
[Date "2016.04.03"]
[Round "4"]
[White "MikeTtheGuru"]
[Black "Monterrey"]
[Result "0-1"]
[WhiteElo "1981"]
[BlackElo "2008"]
[Opening "Sicilian: Grand Prix attack"]
[ECO "B23"]
[Time "16:03:35"]
[TimeControl "2700+45"]

1. e4 c5 2. Nc3 Nc6 3. f4 g6 4. Nf3 Bg7 5. Bb5 Nd4 6. O-O a6 7. Bd3 d6 8. h3 Nf6
9. Nxd4 cxd4 10. Ne2 e5 11. c3 O-O 12. cxd4 exd4 13. Ng3 Bd7 14. b4 Qb6 15. a3
Bc6 16. Qf3 Rae8 17. Re1 Re7 18. Bb2 Rfe8 19. Kh2 h5 20. h4 Ng4+ 21. Kh1 Qd8 22.
Nf1 Bxe4 23. Bxe4 Rxe4 24. Rxe4 Rxe4 25. d3 Qxh4+ 26. Kg1 Re1 27. Rxe1 Qxe1
{White resigns} 0-1

[Event "Team 45 45 League T68"]
[Site "Internet Chess Club"]
[Date "2016.04.02"]
[Round "4"]
[White "searchforbobby1"]
[Black "jjimalo"]
[Result "1-0"]
[WhiteElo "2024"]
[BlackElo "1816"]
[Opening "Sicilian: Alapin's variation (2.c3)"]
[ECO "B22"]
[Time "11:00:59"]
[TimeControl "2700+45"]

1. e4 c5 2. c3 Nf6 3. e5 Nd5 4. d4 cxd4 5. Nf3 e6 6. cxd4 Nc6 7. a3 d6 8. Bd3
dxe5 9. dxe5 Be7 10. O-O O-O 11. Qe2 Re8 12. Bd2 f5 13. Nc3 Nxc3 14. Bxc3 Bf8
15. Rfd1 Qe7 16. b4 a6 17. b5 axb5 18. Bxb5 Bd7 19. Bb4 Qf7 20. Ng5 Qg6 21. Bxf8
Rxf8 22. Rxd7 Qxg5 23. Rxb7 Nd4 24. Qc4 Nxb5 25. Rxb5 f4 26. Qxe6+ Kh8 27. f3
Rfd8 {Black resigns} 1-0

[Event "Team 45 45 League T68"]
[Site "Internet Chess Club"]
[Date "2016.04.05"]
[Round "4"]
[White "infiniteshug"]
[Black "Agarnez"]
[Result "1-0"]
[WhiteElo "2188"]
[BlackElo "1938"]
[Opening "Giuoco Piano: close variation"]
[ECO "C53"]
[Time "19:00:09"]
[TimeControl "2700+45"]

1. e4 e5 2. Nf3 Nc6 3. Bc4 Bc5 4. c3 Qe7 5. O-O Bb6 6. d4 d6 7. h3 Nf6 8. Re1 h6
9. a4 a6 10. Qd3 O-O 11. Nbd2 Nh5 12. Nf1 Qf6 13. Ne3 Nf4 14. Nd5 Nxd3 15. Nxf6+
gxf6 16. Bxd3 exd4 17. Bxh6 Re8 18. g4 dxc3 19. bxc3 Ne5 20. Nxe5 fxe5 21. Bc4
Be6 22. Bxe6 Rxe6 23. Bd2 Rf6 24. Be3 Bxe3 25. Rxe3 a5 26. Kg2 Kg7 27. h4 Rf4
28. Kg3 Kh6 29. c4 Rg8 30. f3 f5 31. exf5 Rxc4 32. g5+ Kh5 33. Re4 Rc2 34. Rb1
b6 35. g6 Kh6 36. Rg4 Kg7 37. h5 Rh8 38. Rh1 {Black resigns} 1-0

[Event "Team 45 45 League T68"]
[Site "Internet Chess Club"]
[Date "2016.04.02"]
[Round "4"]
[White "SlowFox"]
[Black "GreyWarden"]
[Result "0-1"]
[WhiteElo "2048"]
[BlackElo "2018"]
[Opening "Scotch game"]
[ECO "C45"]
[Time "08:30:54"]
[TimeControl "2700+45"]

1. e4 e5 2. Nf3 Nc6 3. d4 exd4 4. Nxd4 Bc5 5. Nxc6 Qf6 6. Qf3 dxc6 7. Bc4 Qg6 8.
O-O Ne7 9. Nc3 O-O 10. Bf4 Bb6 11. Na4 Be6 12. Nxb6 cxb6 13. Bd3 Rad8 14. Qg3 c5
15. b3 Nc6 16. Qxg6 hxg6 17. Rfd1 Nb4 18. Be5 Rd7 19. Kf1 Rfd8 20. Ke2 a6 21.
Bc3 Nc6 22. Ke1 b5 23. Be2 Nd4 24. Bxd4 Rxd4 25. c3 R4d7 26. Rac1 Kf8 27. Rxd7
Rxd7 28. c4 bxc4 29. Bxc4 Bxc4 30. Rxc4 b6 31. Ke2 Ke7 32. Rc3 Rd4 33. Ke3 Rd1
34. h4 Ra1 35. Rc2 Kd6 36. Rd2+ Kc7 37. Kf4 Re1 38. f3 f6 39. h5 gxh5 40. Kf5
Rg1 41. Ke6 Kc6 42. a4 c4 43. bxc4 Kc5 44. Kf7 h4 45. Kxg7 h3 46. g4 Rg2 47.
Rd5+ Kxc4 48. Rh5 h2 49. Kxf6 Rf2 50. g5 Rxf3+ 51. Kg7 Rf2 52. Rh4 b5 53. axb5
axb5 54. g6 b4 55. Kh7 b3 56. g7 Rg2 57. e5+ Kd5 58. e6 b2 59. Kh8 b1=Q {White
resigns} 0-1

[Event "Team 45 45 League T68"]
[Site "Internet Chess Club"]
[Date "2016.04.02"]
[Round "4"]
[White "Percival"]
[Black "Pomberito"]
[Result "1/2-1/2"]
[WhiteElo "2028"]
[BlackElo "2058"]
[Opening "King's Indian: Kazakh variation"]
[ECO "E91"]
[Time "08:00:50"]
[TimeControl "2700+45"]

1. d4 Nf6 2. c4 g6 3. Nc3 Bg7 4. e4 d6 5. Nf3 O-O 6. Be2 Na6 7. Qc2 Nb4 8. Qd1
Na6 9. Qc2 Nb4 10. Qd1 e5 11. d5 a5 12. O-O Nh5 13. Ne1 Nf4 14. Be3 f5 15. f3
Bh6 16. Qd2 Na6 17. Nd3 Qg5 18. Nxf4 exf4 19. Bd4 Bd7 20. Bd3 b6 21. b3 Nc5 22.
Bc2 Rae8 23. Rfe1 fxe4 24. Nxe4 Nxe4 25. Bxe4 Bg7 26. Re2 Bxd4+ 27. Qxd4 Qe5 28.
Qxe5 Rxe5 29. Rae1 Rfe8 30. Kf2 Kg7 31. g3 g5 32. g4 Kf6 33. h3 Rh8 34. Bd3
Rxe2+ 35. Rxe2 h5 36. Kg2 hxg4 37. hxg4 Re8 38. Kf2 Rxe2+ 39. Kxe2 Ke5 40. a4
Kd4 41. Kd2 c6 42. Be4 cxd5 43. Bxd5 Bc8 44. Ba8 Be6 45. Bb7 Bf7 46. Be4 Bg8 47.
Ba8 Bh7 48. Bb7 Bg6 49. Bd5 Be8 50. Ba8 Bd7 51. Bb7 Be6 52. Ba8 Bc8 53. Bd5 Bd7
54. Ba8 Bc8 55. Bd5 {Game drawn by mutual agreement} 1/2-1/2

[Event "Team 45 45 League T68"]
[Site "Internet Chess Club"]
[Date "2016.03.30"]
[Round "4"]
[White "gump12345"]
[Black "CuatroPrincesas"]
[Result "1-0"]
[WhiteElo "2050"]
[BlackElo "2144"]
[Opening "Sicilian: Canal-Sokolsky (Nimzovich-Rossolimo, Moscow) attack"]
[ECO "B51"]
[Time "12:03:13"]
[TimeControl "2700+45"]

1. e4 c5 2. Nf3 d6 3. Bb5+ Nd7 4. c3 Nf6 5. Qe2 a6 6. Ba4 b5 7. Bc2 Bb7 8. O-O
e6 9. d4 Be7 10. Bf4 Rc8 11. Rd1 Qb6 12. e5 Nd5 13. Bg3 cxd4 14. exd6 dxc3 15.
Nxc3 Nxc3 16. bxc3 Bxf3 17. Qxf3 Bf6 18. Rac1 O-O 19. Bb1 g6 20. a4 Rfd8 21.
axb5 axb5 22. Be4 Kg7 23. h4 h5 24. Rc2 Ne5 25. Qe2 Rc5 26. Rb1 Rxd6 27. Rcb2
Qd8 28. Rxb5 Rd2 29. Qxd2 Qxd2 30. Rxc5 Qe2 31. Bxe5 Qxe4 32. Bxf6+ Kxf6 33. Rd1
Qxh4 34. Rd4 {Black resigns} 1-0

[Event "Team 45 45 League T68"]
[Site "Internet Chess Club"]
[Date "2016.04.03"]
[Round "4"]
[White "SAC2001"]
[Black "PoisonPawn"]
[Result "1-0"]
[WhiteElo "1917"]
[BlackElo "2138"]
[Opening "Sicilian: Taimanov variation"]
[ECO "B48"]
[Time "12:11:40"]
[TimeControl "2700+45"]

1. e4 c5 2. Nf3 e6 3. d4 cxd4 4. Nxd4 Nc6 5. Nc3 Qc7 6. Be3 a6 7. Qd2 Nf6 8. f3
h5 9. O-O-O Be7 10. Kb1 b5 11. Nxc6 Qxc6 12. e5 b4 13. exf6 bxc3 14. fxg7 Rg8
15. Qd4 Rb8 16. b3 Rb4 17. Qe5 d6 18. Qxh5 Rh4 19. Qa5 Bd8 20. Qa3 Be7 21. Bf2
d5 22. Qc1 Rb4 23. Bd4 f6 24. a3 Rb8 25. Rd3 Rxg7 26. Rxc3 Qb7 27. Qh6 Kf7 28.
Qh5+ Kf8 29. Qh8+ Kf7 30. f4 e5 31. Qh5+ Kg8 32. fxe5 Bg4 33. Qh6 Rh7 34. Qf4
Be6 35. exf6 Bf8 36. Qg3+ Kh8 37. f7+ Bg7 38. Bxg7+ Rxg7 39. Qh4+ Rh7 40. Qf6+
Rg7 41. Rh3+ Bxh3 42. Qh6+ {Black resigns} 1-0

[Event "Team 45 45 League T68"]
[Site "Internet Chess Club"]
[Date "2016.04.03"]
[Round "4"]
[White "VictorRed"]
[Black "chessfunblast"]
[Result "1/2-1/2"]
[WhiteElo "1743"]
[BlackElo "1920"]
[Opening "Queen's pawn game"]
[ECO "A45"]
[Time "23:01:36"]
[TimeControl "2700+45"]

1. d4 Nf6 2. g3 g6 3. Bg2 Bg7 4. Nf3 d5 5. O-O O-O 6. Nc3 c6 7. Bg5 h6 8. Bd2
Nbd7 9. Re1 Re8 10. Qc1 Kh7 11. e4 dxe4 12. Nxe4 Nxe4 13. Rxe4 e5 14. dxe5 Nxe5
15. Nxe5 Rxe5 16. Rxe5 Bxe5 17. Bxh6 Bxb2 18. Qxb2 Kxh6 19. Re1 f6 20. Qb4 a5
21. Qf4+ Kg7 22. Bf3 Bf5 23. Rd1 Qe7 24. c4 Re8 25. g4 Be4 26. Re1 f5 27. gxf5
gxf5 28. h4 Kh7 29. Kh2 Qe5 {Game drawn by mutual agreement} 1/2-1/2

[Event "Team 45 45 League T68"]
[Site "Internet Chess Club"]
[Date "2016.04.01"]
[Round "4"]
[White "Intemperate"]
[Black "RickyWang"]
[Result "1-0"]
[WhiteElo "2169"]
[BlackElo "1853"]
[Opening "English opening"]
[ECO "A05"]
[Time "09:12:18"]
[TimeControl "2700+45"]

1. Nf3 Nf6 2. c4 g6 3. Nc3 c5 4. e4 d6 5. d4 Bg7 6. Be2 O-O 7. O-O Bg4 8. d5
Nbd7 9. h3 Bxf3 10. Bxf3 Ne5 11. Be2 a6 12. Be3 Ne8 13. Qd2 e6 14. Bg5 Qc7 15.
Rac1 Nf6 16. f4 Ned7 17. dxe6 fxe6 18. Rcd1 Ne8 19. f5 exf5 20. Nd5 Qb8 21. Ne7+
Kh8 22. exf5 gxf5 23. Nxf5 Be5 24. Be7 Rg8 25. Nh6 Rg7 26. Nf7+ Kg8 27. Nxe5
Rxe7 28. Nxd7 Rxd7 29. Qg5+ Ng7 30. Bd3 Qe8 31. g4 Qe5 32. Qxe5 dxe5 33. Bxh7+
Kxh7 34. Rxd7 Kg6 35. h4 {Black resigns} 1-0

[Event "Team 45 45 League T68"]
[Site "Internet Chess Club"]
[Date "2016.04.02"]
[Round "4"]
[White "egyptiantiger"]
[Black "gtmorton"]
[Result "0-1"]
[WhiteElo "1914"]
[BlackElo "2090"]
[Opening "QGD: classical variation (5.Bf4)"]
[ECO "D31"]
[Time "17:19:26"]
[TimeControl "2700+45"]

1. d4 d5 2. c4 e6 3. Nc3 Be7 4. Nf3 Nf6 5. Bf4 O-O 6. e3 Nbd7 7. cxd5 exd5 8.
Bd3 c6 9. Qc2 Re8 10. h3 Nf8 11. O-O Bd6 12. Bxd6 Qxd6 13. Rab1 a5 14. Ne5 Be6
15. Na4 N8d7 16. Nxd7 Bxd7 17. Nc5 Reb8 18. Rfc1 h6 19. a3 Bc8 20. b4 axb4 21.
axb4 b6 22. Nb3 Bd7 23. Nd2 Rc8 24. Nf3 Rc7 25. Ne5 c5 26. bxc5 bxc5 27. Nxd7
Nxd7 28. dxc5 Nxc5 29. Be2 Rac8 30. Bf3 Nd3 31. Qxd3 Rxc1+ 32. Rxc1 Rxc1+ 33.
Bd1 Qc5 34. Kh2 Qc4 35. Qd2 Ra1 36. Bf3 Ra2 37. Qe1 Qb5 38. Qc1 Qc4 39. Qe1 Qb3
40. Qc1 Rc2 41. Qe1 Qb8+ 42. g3 Qb2 43. Kg2 Qa2 44. h4 g6 45. g4 Rd2 46. Kg3 Qb2
47. Kg2 d4 48. exd4 Qxd4 49. Qe8+ Kg7 50. Qe1 Rb2 51. Kg3 Qd6+ 52. Kg2 Qf6 53.
Kg3 g5 54. hxg5 hxg5 55. Qe4 Qf4+ 56. Qxf4 gxf4+ 57. Kxf4 Rxf2 58. Kg3 Rb2 59.
Kf4 Kf6 60. g5+ Kg6 61. Be4+ Kh5 62. Bf3+ Kh4 63. Bd5 Rf2+ {White resigns} 0-1